[Event "*** Titled Tuesday Blitz"]
[Site "Chess.com"]
[Date "2020.04.07"]
[Round "6"]
[White "SimonKnightRivendell"]
[Black "Blagorod"]
[Result "0-1"]
[WhiteElo "1873"]
[BlackElo "2118"]
[TimeControl "180+1"]
[EndTime "14:05:58 PDT"]
[Termination "Blagorod won by resignation"]

1. d4 d5 2. c4 Nc6 3. Nf3 Bg4 4. cxd5 Bxf3 5. dxc6 Bxc6 6. Nc3 e6 7. e4 Bb4 8. f3 Qh4+ 9. g3 Qh5 10. Be2 O-O-O 11. O-O Rxd4 12. Qc2 Rd7 13. Be3 Bc5 14. Bxc5 Qxc5+ 15.
Kg2 Ne7 16. Rac1 Rhd8 17. Nd5 Qxc2 18. Nxe7+ Rxe7 19. Rxc2 Red7 20. Rfc1 Rd2 21. Kf2 Rxc2 22. Rxc2 a6 23. Ke3 f6 24. Bc4 e5 25. f4 exf4+ 26.
Kxf4 Re8 27. Bd3 g6 28. h4 Kd7 29. Rd2 Ke7 30. e5 fxe5+ 31. Kxe5 Kf7+ 32. Kf4 Re1 33. Bc4+ Ke7 34. a3 Re4+ 35. Kg5 Rxc4 0-1

[Event "*** Titled Tuesday Blitz"]
[Site "Chess.com"]
[Date "2020.04.07"]
[Round "6"]
[White "MFguimaraes"]
[Black "talman67"]
[Result "0-1"]
[WhiteElo "2394"]
[BlackElo "2538"]
[TimeControl "180+1"]
[EndTime "14:05:59 PDT"]
[Termination "talman67 won by resignation"]

1. e4 e5 2. Nf3 Nc6 3. Bc4 Bc5 4. b4 Bxb4 5. c3 Ba5 6. d4 d6 7. dxe5 dxe5 8. Qb3 Qd7 9. O-O Bb6 10. Rd1 Na5 11. Qc2 Qe7 12. Bb5+ c6 13. Ba3 Bc5 14. Bb4 cxb5 15. Bxa5 Bd7 16. Bc7 f6 17. Nbd2 Rc8 18.
Ba5 b6 19. Nb3 bxa5 20. Nxa5 Nh6 21. Qb3 a6 22. Nb7 Be6 23. Nxc5 Bxb3 0-1

[Event "*** Titled Tuesday Blitz"]
[Site "Chess.com"]
[Date "2020.04.07"]
[Round "6"]
[White "TwentyHourADay"]
[Black "yawnpawn"]
[Result "1-0"]
[WhiteElo "2323"]
[BlackElo "1757"]
[TimeControl "180+1"]
[EndTime "14:06:02 PDT"]
[Termination "TwentyHourADay won by resignation"]

1. Nf3 c5 2. b3 Nc6 3. Bb2 Nf6 4. g3 g6 5. c4 Bg7 6. Bg2 O-O 7. O-O e6 8. d4 cxd4 9. Nxd4 Nxd4 10. Qxd4 Nh5 11.
Qd2 Nf6 12. Nc3 Rb8 13. Qd6 Ra8 14. Rad1 Qb6 15. Qxb6 axb6 16. Na4 b5 17. cxb5 d5 18.
Rc1 Bd7 19. Nb6 Rad8 20. a4 Rfe8 21. Rc7 e5 22. Rxb7 Be6 23. Bxe5 d4 24. Bc6 Rf8 25. Rd1 Bxb3 26. Rxd4 Rxd4 27. Bxd4 Rd8 28. e3 Ne8 29. Bxe8 Rxe8 30. Bxg7 Kxg7 31. a5 Rd8 32. a6 Rd1+ 33.
Kg2 Ra1 34. a7 1-0

[Event "*** Titled Tuesday Blitz"]
[Site "Chess.com"]
[Date "2020.04.07"]
[Round "6"]
[White "Gogolev_Artemy"]
[Black "Schachmalanders"]
[Result "0-1"]
[WhiteElo "2451"]
[BlackElo "2330"]
[TimeControl "180+1"]
[EndTime "14:06:07 PDT"]
[Termination "Schachmalanders won by resignation"]

1. d4 d5 2. c4 e6 3. g3 c6 4.
Bg2 dxc4 5. a4 c5 6. Nf3 Nc6 7. Na3 cxd4 8. Nxc4 Nf6 9. O-O Bc5 10. Nfe5 Nxe5 11. Nxe5 O-O 12. Bd2 Rb8 13. b4 Bd6 14. Nc4 b6 15. Bg5 Be7 16. Bf4 Ba6 17. b5 Bb7 18. Bxb8 Bxg2 19. Kxg2 Qd5+ 20. Kg1 Rxb8 21. Qd3 e5 22. Rfd1 Bc5 23. Rac1 e4 24. Qb3 h6 25. a5 Qf5 26. axb6 axb6 27. Kg2 Re8 28. Rf1 h5 29. h4 Ng4 30. Rce1 Re6 31. f3 Nf6 32.
Qc2 exf3+ 0-1

[Event "*** Titled Tuesday Blitz"]
[Site "Chess.com"]
[Date "2020.04.07"]
[Round "6"]
[White "Skatchkov_V"]
[Black "TheBigBoss04"]
[Result "0-1"]
[WhiteElo "2542"]
[BlackElo "2783"]
[TimeControl "180+1"]
[EndTime "14:06:10 PDT"]
[Termination "TheBigBoss04 won by resignation"]

1. d4 Nf6 2. c4 c5 3. d5 e5 4. Nc3 d6 5. e4 g6 6. Bd3 Bg7 7. Nge2 h5 8. Bg5 h4 9. h3 Nbd7 10. Qd2 a6 11. a4 b6 12. O-O Qc7 13.
Rae1 Nh5 14. f4 exf4 15. Nxf4 Ng3 16. e5 Nxe5 17. Rf2 Bf5 18. Bxf5 Nxf5 19. Ne4 Kd7 20. Nf6+ Kc8 21. b3 Kb7 22. a5 b5 23. cxb5 axb5 24. b4 Nc4 25. Qd3 Bxf6 26. Bxf6 Rhe8 27. Rb1 cxb4 28. Rxb4 Qc5 29. Qb3 Re1+ 30. Kh2 Qxf2 31.
Rxb5+ Ka6 32. Ne2 Rxe2 33. Rb6+ Nxb6 34. Qd3+ Kb7 0-1

[Event "*** Titled Tuesday Blitz"]
[Site "Chess.com"]
[Date "2020.04.07"]
[Round "6"]
[White "mattcolins2025"]
[Black "ShadyH9"]
[Result "1-0"]
[WhiteElo "2195"]
[BlackElo "2275"]
[TimeControl "180+1"]
[EndTime "14:06:13 PDT"]
[Termination "mattcolins2025 won by resignation"]

1. d4 Nf6 2. c4 g6 3. Nc3 Bg7 4. e4 d6 5. Nf3 O-O 6. Be2 e5 7. d5 a5 8. Bg5 Na6 9. Nd2 Kh8 10. O-O Qe8 11. a3 Bd7 12. b3 Ng8 13. Be3 f5 14. f3 Bh6 15. Bf2 Nf6 16. Rb1 Nc5 17. b4 axb4 18.
axb4 Na4 19. Qc2 Bxd2 20. Qxd2 Nxc3 21. Qxc3 fxe4 22. c5 exf3 23. Bxf3 Bg4 24. Bh4 Bxf3 25. Qxf3 Nh5 26. Qxf8+ Qxf8 27. Rxf8+ Rxf8 28. cxd6 cxd6 29. Be7 Re8 30. Bxd6 e4 31. Bc7 Nf6 32. d6 Kg8 33.
Rd1 Nd7 34. Kf2 Kf7 35. Ke3 Re5 36. Rd4 Rh5 37. Rxe4 Rxh2 1-0

[Event "*** Titled Tuesday Blitz"]
[Site "Chess.com"]
[Date "2020.04.07"]
[Round "6"]
[White "sofaceindisguise"]
[Black "lachesisQ"]
[Result "0-1"]
[WhiteElo "2657"]
[BlackElo "3142"]
[TimeControl "180+1"]
[EndTime "14:06:16 PDT"]
[Termination "lachesisQ won by resignation"]

1. c4 e5 2. g3 h5 3. h4 Nc6 4.
Nc3 Bc5 5. Bg2 Nf6 6. a3 a5 7. e3 d6 8. Nge2 Bg4 9. Qc2 Qd7 10. d3 O-O 11. Bd2 Bf5 12. Rb1 Rab8 13. O-O Bh7 14. Nd5 Nxd5 15. cxd5 Ne7 16. Bxa5 Qb5 17. Qd2 Bxd3 18.
Nc3 Qa6 19. Bxc7 Rbc8 20. b4 Rxc7 21. bxc5 Rxc5 22. Ne4 Rxd5 23. Qb4 Rb5 24. Qxd6 Qxd6 25. Rxb5 Qg6 0-1

[Event "*** Titled Tuesday Blitz"]
[Site "Chess.com"]
[Date "2020.04.07"]
[Round "6"]
[White "troisi"]
[Black "almaguerjm"]
[Result "0-1"]
[WhiteElo "2034"]
[BlackElo "2328"]
[TimeControl "180+1"]
[EndTime "14:06:16 PDT"]
[Termination "almaguerjm won by resignation"]

1. e4 e5 2. Nf3 Nc6 3. d4 exd4 4. Nxd4 Nf6 5. Nc3 Bb4 6. Nxc6 Bxc3+ 7. bxc3 bxc6 8.
Bd3 O-O 9. Bg5 h6 10. Bf4 Nxe4 11. Bxe4 Re8 12. f3 f5 13. O-O fxe4 14. fxe4 Rxe4 15. Qh5 Ba6 16. Bxh6 Bxf1 17. Qg6 Qe7 18. Bxg7 Qxg7 19.
Qxe4 Bb5 20. Re1 Rf8 21. h3 Qg3 22. c4 Ba4 23. Re3 Qf2+ 24. Kh2 Bxc2 25. Rg3+ Qxg3+ 26. Kxg3 Bxe4 0-1

[Event "*** Titled Tuesday Blitz"]
[Site "Chess.com"]
[Date "2020.04.07"]
[Round "6"]
[White "MartinCerveny"]
[Black "Magician4MA"]
[Result "1-0"]
[WhiteElo "2635"]
[BlackElo "2477"]
[TimeControl "180+1"]
[EndTime "14:06:17 PDT"]
[Termination "MartinCerveny won on time"]

1. d4 Nf6 2. Nf3 g6 3. Bg5 Bg7 4. c4 O-O 5. Nc3 d6 6. e3 Nbd7 7. Be2 c6 8. O-O Qc7 9. a4 a5 10. Rc1 e5 11. Re1 Re8 12. Qc2 h6 13. Bh4 Nf8 14. Bg3 Bf5 15. Qb3 Nh5 16. Red1 Nxg3 17.
hxg3 Re7 18. c5 dxc5 19. dxc5 Ne6 20. Qc4 Rd8 21. g4 Rxd1+ 22. Rxd1 Bc2 23. Rd2 e4 24. Rxc2 exf3 25. gxf3 Rd7 26. Ne4 Qd8 27. Kg2 Be5 28. f4 Bc7 29. Qc3 Qf8 30. Nf6+ 1-0

[Event "*** Titled Tuesday Blitz"]
[Site "Chess.com"]
[Date "2020.04.07"]
[Round "6"]
[White "Superfelix"]
[Black "Saloni1299"]
[Result "1-0"]
[WhiteElo "2498"]
[BlackElo "2184"]
[TimeControl "180+1"]
[EndTime "14:06:17 PDT"]
[Termination "Superfelix won on time"]

1. e4 e6 2. d4 d5 3. Nd2 Nf6 4.
e5 Nfd7 5. Bd3 c5 6. c3 Nc6 7. Ne2 cxd4 8. cxd4 f6 9. Nf4 Nxd4 10. Qh5+ Ke7 11. Ng6+ hxg6 12. exf6+ Nxf6 13. Qxh8 Kf7 14. Qh4 e5 15. Nf3 Nxf3+ 16. gxf3 Bf5 17. Bxf5 gxf5 18. Bg5 Qa5+ 19. Kf1 Be7 20. Rc1 Qb5+ 21. Kg2 e4 22. Rhd1 Qe2 23. Qf4 Rh8 24. Bxf6 gxf6 25. Qxf5 exf3+ 26. Kg1 Rg8+ 27. Kh1 Qxf2 28. Qxd5+ Kg6 29. Rg1+ Kh6 30.
Qxg8 1-0

[Event "*** Titled Tuesday Blitz"]
[Site "Chess.com"]
[Date "2020.04.07"]
[Round "6"]
[White "Gabix_94"]
[Black "Shahinyan_ChessMood"]
[Result "1-0"]
[WhiteElo "2882"]
[BlackElo "2671"]
[TimeControl "180+1"]
[EndTime "14:06:20 PDT"]
[Termination "Gabix_94 won by resignation"]

1. d4 e6 2. c4 f5 3. g3 Nf6 4. Bg2 d5 5. Nf3 c6 6. O-O Bd6 7. b3 Qe7 8. Bb2 b6 9. Ne5 Bb7 10. Nd2 O-O 11. Ndf3 Ne4 12. e3 a5 13. Qc2 a4 14.
bxa4 c5 15. cxd5 exd5 16. Rab1 c4 17. Ba1 Ra6 18. Nh4 g5 19. Nxf5 Rxf5 20. f3 Bxe5 21. dxe5 Nc6 22. fxe4 Rxf1+ 23. Rxf1 Nb4 24. Qf2 dxe4 25.
e6 Ra8 26. Qb2 1-0

[Event "*** Titled Tuesday Blitz"]
[Site "Chess.com"]
[Date "2020.04.07"]
[Round "6"]
[White "mc4chess"]
[Black "jacky72"]
[Result "1-0"]
[WhiteElo "2391"]
[BlackElo "2689"]
[TimeControl "180+1"]
[EndTime "14:06:20 PDT"]
[Termination "mc4chess won by checkmate"]

1. c4 Nf6 2. Nc3 g6 3. g3 d6 4. Bg2 Bg7 5. e4 O-O 6. Nge2 c5 7. O-O Nc6 8. d3 a6 9. h3 Rb8 10. a4 Ne8 11. Be3 Nc7 12. d4 Ne6 13. d5 Ned4 14. dxc6 Nxc6 15. Qd2 Be6 16. Nd5 Ne5 17. Qc2 b5 18.
axb5 axb5 19. cxb5 Rxb5 20. Nec3 Rb7 21. Kh2 Nc4 22.
Bc1 Qd7 23. f4 f5 24. exf5 Bxf5 25. Qe2 Nb6 26. Ne3 Ra7 27. Rxa7 Qxa7 28. Nxf5 gxf5 29.
Nd5 Nxd5 30. Bxd5+ Kh8 31. Re1 e5 32. fxe5 dxe5 33. Bc4 f4 34. gxf4 exf4 35. Qe7 Qa4 36. Rg1 Qc2+ 37. Rg2 Qxg2+ 38. Kxg2 f3+ 39. Kf1 Ra8 40.
Qe4 Rf8 41. Bd3 Kg8 42. Bh6 Rf7 43. Bc4 Kf8 44. Bxf7 Kxf7 45. Qxh7 f2 46. Qxg7+ Ke8 47. Bg5 c4 48. Qe7# 1-0

[Event "*** Titled Tuesday Blitz"]
[Site "Chess.com"]
[Date "2020.04.07"]
[Round "6"]
[White "Hadza_3"]
[Black "CzechmVIII"]
[Result "1-0"]
[WhiteElo "2437"]
[BlackElo "2233"]
[TimeControl "180+1"]
[EndTime "14:06:20 PDT"]
[Termination "Hadza_3 won by resignation"]

1. e4 c5 2. Nc3 Nc6 3. Bb5 Nd4 4. Nf3 a6 5. Be2 g6 6. O-O Bg7 7. a4 d6 8. Nxd4 cxd4 9. Nb1 Nf6 10. d3 O-O 11. Nd2 d5 12. exd5 Nxd5 13. Nc4 e5 14. Bf3 Be6 15. a5 Rc8 16. b3 Nc3 17. Qe1 Bxc4 18.
bxc4 Qc7 19. Bd2 f5 20. Bxc3 e4 21. dxe4 dxc3 22. exf5 Qxc4 23. fxg6 hxg6 24. Rd1 Rxf3 25.
gxf3 Rf8 26. Qe4 Qc5 27. Qd5+ Qxd5 28. Rxd5 Rxf3 29. Rb1 Rf7 30. Rb6 Re7 31. Rxg6 Kf7 32. Rg3 Re2 33. Rd7+ 1-0

[Event "*** Titled Tuesday Blitz"]
[Site "Chess.com"]
[Date "2020.04.07"]
[Round "6"]
[White "Euwe1234"]
[Black "Supelyel"]
[Result "1-0"]
[WhiteElo "2151"]
[BlackElo "2356"]
[TimeControl "180+1"]
[EndTime "14:06:23 PDT"]
[Termination "Euwe1234 won by resignation"]

1. e4 c5 2. Nf3 Nc6 3. Bb5 g6 4. O-O Bg7 5. Nc3 e5 6. a3 Nge7 7. b4 d6 8. d3 O-O 9. Rb1 Bg4 10. bxc5 Nd4 11. cxd6 Qxd6 12. Bc4 h6 13. Nb5 Nxb5 14. Rxb5 a6 15. Rxb7 Nc6 16. Rb6 Qc7 17. Be3 a5 18. h3 Bxf3 19. Qxf3 Nd4 20. Bxd4 exd4 21. Rxg6 Kh7 22.
Rg4 Qd6 23. Qf5+ Kh8 24. f4 Qxa3 25. e5 Qe7 26. Qe4 f5 27. exf6 Qxf6 28. Re1 a4 29. Rg6 Qh4 30. Qe7 Qxe7 31. Rxe7 Bf6 32. Re6 Bg7 33. Re7 Rg8 34. Bxg8 Rxg8 35. Ra7 Kh7 36. f5 Kh8 37. Rxa4 Be5 38. Rxg8+ Kxg8 39. Kf2 1-0

[Event "*** Titled Tuesday Blitz"]
[Site "Chess.com"]
[Date "2020.04.07"]
[Round "6"]
[White "littleozy"]
[Black "killer311"]
[Result "0-1"]
[WhiteElo "2454"]
[BlackElo "2323"]
[TimeControl "180+1"]
[EndTime "14:06:24 PDT"]
[Termination "killer311 won on time"]

1. e4 c5 2. d4 cxd4 3. c3 dxc3 4. Nxc3 Nc6 5. Bc4 e6 6. Nf3 Nf6 7. e5 Ng4 8. Bf4 Qb6 9. O-O Qc5 10. Qe2 Be7 11. h3 Nh6 12. Ne4 Qa5 13. Bxh6 gxh6 14.
Nd6+ Bxd6 15. exd6 Qc5 16. Rfd1 b5 17. Bxb5 Bb7 18.
Rac1 Qh5 19. Bxc6 Bxc6 20. Rxc6 dxc6 21. d7+ Ke7 22. Qe4 Rhd8 23. Qd4 f6 24. Qd6+ Kf7 25. g4 Qxh3 26. Rd4 Qxf3 27. Rf4 Qxf4 0-1

[Event "*** Titled Tuesday Blitz"]
[Site "Chess.com"]
[Date "2020.04.07"]
[Round "6"]
[White "lelya96"]
[Black "MikeSailer"]
[Result "0-1"]
[WhiteElo "2249"]
[BlackElo "2061"]
[TimeControl "180+1"]
[EndTime "14:06:24 PDT"]
[Termination "MikeSailer won by resignation"]

1. e4 d5 2. exd5 Qxd5 3. Nf3 Bg4 4. Be2 Nc6 5. O-O O-O-O 6. d4 Nf6 7. c4 Qf5 8. Be3 e5 9. d5 e4 10. Nd4 Nxd4 11.
Bxd4 Bd6 12. Bxf6 Bxe2 13. Qxe2 Qxf6 14. Nc3 Qe5 15. g3 f5 16. Nb5 h5 17. Nxa7+ Kb8 18.
Nb5 h4 19. Qe3 b6 20. Nxd6 Rxd6 21. f4 Qxb2 22. Rab1 Qxa2 23. c5 hxg3 24. Qxg3 Rg6 0-1

[Event "*** Titled Tuesday Blitz"]
[Site "Chess.com"]
[Date "2020.04.07"]
[Round "6"]
[White "Hubbery"]
[Black "rubhani"]
[Result "1-0"]
[WhiteElo "2630"]
[BlackElo "2473"]
[TimeControl "180+1"]
[EndTime "14:06:25 PDT"]
[Termination "Hubbery won by resignation"]

1. d4 Nf6 2. c4 e6 3. Nc3 Bb4 4. e3 O-O 5. a3 Bxc3+ 6. bxc3 d6 7. Bd3 b6 8. Ne2 Ba6 9. e4 Nc6 10. Bg5 Na5 11. O-O h6 12. Bh4 Bxc4 13. f4 Bxd3 14. Qxd3 Nc6 15. Rad1 Ne7 16. Bxf6 gxf6 17. Ng3 Kh7 18.
Nh5 f5 19. e5 Rg8 20. Nf6+ Kh8 21. Nxg8 Qxg8 22. Rf3 Qg4 23. Rdf1 Rg8 24. Rg3 Qh5 25. Rh3 Qg6 26. Qf3 d5 27. Rf2 Kg7 28. a4 Kf8 29. a5 Nc6 30. axb6 cxb6 31. Ra2 Na5 32. Qd3 Kg7 33. Rg3 1-0

[Event "*** Titled Tuesday Blitz"]
[Site "Chess.com"]
[Date "2020.04.07"]
[Round "6"]
[White "Man-Chuk"]
[Black "Arman_Hakemi"]
[Result "1-0"]
[WhiteElo "2766"]
[BlackElo "2591"]
[TimeControl "180+1"]
[EndTime "14:06:27 PDT"]
[Termination "Man-Chuk won by resignation"]

1. d4 Nf6 2. c4 e6 3. Nf3 b6 4. g3 Ba6 5. b3 b5 6. cxb5 Bxb5 7.
Nc3 Ba6 8. Bg2 d5 9. Bf4 Bd6 10. Ne5 O-O 11. O-O c5 12. dxc5 Bxc5 13. Rc1 Ba3 14. Rc2 Bb7 15. Nb5 Be7 16. Nc7 Na6 17. Nxa8 Qxa8 18. Nd3 Rd8 19. Qc1 d4 20. Bxb7 Qxb7 21.
Be5 Qd5 22. Bxf6 Bxf6 23. Rc8 e5 24. Rxd8+ Qxd8 25. Qc6 Nc7 26. Rc1 Nd5 27. Rc5 Ne7 28. Qc7 Qxc7 29. Rxc7 e4 30. Nf4 g5 31. Nh5 Nd5 32. Rd7 Nb6 33. Nxf6+ Kg7 34. Rd6 d3 35.
exd3 exd3 36. Ne4 1-0

[Event "*** Titled Tuesday Blitz"]
[Site "Chess.com"]
[Date "2020.04.07"]
[Round "6"]
[White "gixfantastix"]
[Black "vovachesss"]
[Result "0-1"]
[WhiteElo "2095"]
[BlackElo "2610"]
[TimeControl "180+1"]
[EndTime "14:06:28 PDT"]
[Termination "vovachesss won on time"]

1. e3 d5 2. b3 e5 3. Bb2 Bd6 4. Nf3 Qe7 5. c4 c6 6. cxd5 cxd5 7. Nc3 Nf6 8. Nb5 Nc6 9. Nxd6+ Qxd6 10. Be2 O-O 11. O-O Bf5 12. d4 e4 13. Ne5 Rac8 14.
Nxc6 Rxc6 15. a4 Rfc8 16. Ba3 Qc7 17. Qb1 Bg4 18. Bxg4 Nxg4 19. g3 Rc2 20. Qd1 Qd7 21. Rc1 Rxc1 22. Bxc1 Qf5 23. f4 Rc3 24. Qe2 Qc8 25.
Ba3 Rxe3 26. Qb5 Nf6 27. Rc1 Rc3 28. Rxc3 Qxc3 29. Qc5 Qe1+ 30. Kg2 Qe2+ 0-1

[Event "*** Titled Tuesday Blitz"]
[Site "Chess.com"]
[Date "2020.04.07"]
[Round "6"]
[White "awesomevishesh"]
[Black "Kobalia"]
[Result "0-1"]
[WhiteElo "2466"]
[BlackElo "2604"]
[TimeControl "180+1"]
[EndTime "14:06:30 PDT"]
[Termination "Kobalia won on time"]

1. e4 c6 2. d4 d5 3. exd5 cxd5 4. Bd3 Nc6 5. c3 Nf6 6. Bf4 Bg4 7. Qb3 Qd7 8. Nd2 e6 9. Ngf3 Bd6 10. Bxd6 Qxd6 11.
O-O O-O 12. Rae1 Qc7 13. Qc2 Rac8 14. Qb1 Bh5 15. Ne5 Nxe5 16. dxe5 Nd7 17. Bxh7+ Kh8 18. Qd3 g6 19. Qd4 Kxh7 20. g4 Bxg4 21. Qxg4 Nxe5 22.
Qg3 Nc4 23. Qh4+ Kg7 24. Qd4+ e5 25. Qxd5 Nxb2 26. Qxe5+ Qxe5 27. Rxe5 Rxc3 28. Rb5 Rc2 29. Nf3 b6 30. Nd4 Rc4 0-1

[Event "*** Titled Tuesday Blitz"]
[Site "Chess.com"]
[Date "2020.04.07"]
[Round "6"]
[White "Ariadna_Atreides"]
[Black "zmeeed67"]
[Result "0-1"]
[WhiteElo "2044"]
[BlackElo "2381"]
[TimeControl "180+1"]
[EndTime "14:06:30 PDT"]
[Termination "zmeeed67 won on time"]

1. d4 d5 2. Nf3 Nf6 3. c4 e6 4. e3 c5 5. Nc3 Nc6 6. cxd5 exd5 7. Bb5 a6 8. Bxc6+ bxc6 9. O-O Bg4 10. Qa4 Qc7 11. Ne5 Bd7 12. Nxd7 Qxd7 13. Re1 Be7 14. e4 cxd4 15. Qxd4 c5 16. Qe5 d4 17. Nd5 Nxd5 18.
exd5 O-O 19. Bg5 Bxg5 20. Qxg5 Rfd8 21. Rac1 Rac8 22. h4 Qxd5 23. Re8+ Rxe8 24. Qxd5 Red8 25. Qg5 h6 26. Qd2 Rd5 27. b3 d3 28. Rc3 Rcd8 29. a3 f6 30. b4 cxb4 31. axb4 Kf7 32. f3 Rd4 33. Rc7+ Kf8 0-1

[Event "*** Titled Tuesday Blitz"]
[Site "Chess.com"]
[Date "2020.04.07"]
[Round "6"]
[White "DanielRensch"]
[Black "Jumbo"]
[Result "0-1"]
[WhiteElo "2547"]
[BlackElo "2808"]
[TimeControl "180+1"]
[EndTime "14:06:36 PDT"]
[Termination "Jumbo won by resignation"]

1. e4 d6 2. d4 g6 3. Nc3 Bg7 4. Bg5 c6 5. Qd2 Qa5 6. f4 b5 7.
Nf3 Nd7 8. Bd3 b4 9. Ne2 c5 10. c3 bxc3 11. bxc3 Ngf6 12. O-O cxd4 13. cxd4 Qxd2 14.
Nxd2 Nb6 15. e5 Nfd5 16. a4 a5 17. Ne4 dxe5 18. Bb5+ Bd7 19. fxe5 Bxb5 20. axb5 O-O 21. Nc5 f6 22. Bd2 a4 23. Ne6 Rfc8 24. Rfc1 Nc4 25.
Rc2 Nxd2 26. Rxd2 Bh6 27. Rda2 Kf7 28. Nc5 fxe5 29. Rxa4 Rxa4 30. Rxa4 exd4 31. Nd3 Nc3 32. Nxc3 dxc3 33. b6 c2 34. b7 c1=Q+ 35. Nxc1 Rxc1+ 36. Kf2 Rb1 0-1

[Event "*** Titled Tuesday Blitz"]
[Site "Chess.com"]
[Date "2020.04.07"]
[Round "6"]
[White "reigningmvp"]
[Black "mokerslag"]
[Result "1-0"]
[WhiteElo "2290"]
[BlackElo "2430"]
[TimeControl "180+1"]
[EndTime "14:06:37 PDT"]
[Termination "reigningmvp won by resignation"]

1. Nf3 Nf6 2. g3 e6 3. Bg2 d5 4. O-O Be7 5. d3 O-O 6. Nbd2 c5 7. e4 Nc6 8. Re1 b5 9. e5 Nd7 10. Nf1 a5 11. h4 b4 12. N1h2 Nd4 13. Nxd4 cxd4 14.
Qg4 Kh8 15. Qxd4 Bc5 16. Qg4 Qb6 17. Be3 Bxe3 18. Rxe3 d4 19. Re2 Ra7 20. h5 h6 21. Qf4 Bb7 22. Bxb7 Rxb7 23. Ng4 Kh7 24. Qe4+ Kg8 25. Qf4 Rc7 26. Re4 Rxc2 27. Rxd4 Rxb2 28. Rxd7 f6 29. exf6 Rxf6 30. Nxf6+ gxf6 31. Qxf6 Qxf2+ 32. Qxf2 Rxf2 33. Kxf2 1-0

[Event "*** Titled Tuesday Blitz"]
[Site "Chess.com"]
[Date "2020.04.07"]
[Round "6"]
[White "Etoilegeniale"]
[Black "chiwii"]
[Result "1-0"]
[WhiteElo "2509"]
[BlackElo "2245"]
[TimeControl "180+1"]
[EndTime "14:06:38 PDT"]
[Termination "Etoilegeniale won by resignation"]

1. e4 c5 2. Nf3 e6 3. c3 d5 4.
exd5 exd5 5. d4 Nf6 6. Bb5+ Bd7 7. Bxd7+ Nbxd7 8. O-O Be7 9. dxc5 Nxc5 10. Re1 Ne6 11.
Nbd2 O-O 12. Nb3 Rc8 13. Nbd4 Nc5 14. Nf5 Re8 15. Bg5 Nce4 16. Nxe7+ Rxe7 17. Bxf6 Nxf6 18. Nd4 Re4 19. f3 Rh4 20. Nf5 Rh5 21. Ne7+ Kf8 22. Nxc8 Qxc8 23. Qd4 Qc7 24. g3 Nd7 25. Re3 Nc5 26.
Rae1 Ne6 27. Qxa7 g6 28. Rxe6 fxe6 29. Rxe6 Re5 30. Rxe5 Qxe5 31. Qa8+ Kg7 32. Qxb7+ Kh6 33. Qb6 Qe1+ 34. Kg2 Qe2+ 35. Qf2 Qc4 36. Qd2+ g5 37. h4 Kg7 38. Qxg5+ Kf7 39. Qf5+ Kg7 40. Qg5+ Kf7 41. Qd2 Qxa2 42. g4 Qb1 43. Qxd5+ Kf8 44. Qd2 Qg6 45. h5 Qe6 46. b4 1-0

[Event "*** Titled Tuesday Blitz"]
[Site "Chess.com"]
[Date "2020.04.07"]
[Round "6"]
[White "Batica1984"]
[Black "AliKa2810"]
[Result "1-0"]
[WhiteElo "2844"]
[BlackElo "2612"]
[TimeControl "180+1"]
[EndTime "14:06:39 PDT"]
[Termination "Batica1984 won by resignation"]

1. e4 e6 2. d4 d5 3. Nc3 Nf6 4. e5 Nfd7 5. f4 c5 6. Nf3 Nc6 7. Be3 b6 8. Bb5 Bb7 9. Qd2 Be7 10. O-O-O O-O 11. h4 c4 12. f5 a6 13. Bxc6 Bxc6 14.
f6 gxf6 15. Bh6 b5 16. Rh3 Kh8 17. Bxf8 Qxf8 18. exf6 Bxf6 19. Rf1 Qg7 20. Ng5 Rf8 21. Ne2 e5 22. Rg3 exd4 23. Ne6 c3 24. bxc3 dxc3 25. Qe3 d4 26. N2xd4 Bxd4 27. Nxd4 Qe5 28. Nxc6 Qd5 29. Qd4+ Qxd4 30. Nxd4 1-0

[Event "*** Titled Tuesday Blitz"]
[Site "Chess.com"]
[Date "2020.04.07"]
[Round "6"]
[White "aloe_normansen"]
[Black "Alex_Terzi"]
[Result "0-1"]
[WhiteElo "2179"]
[BlackElo "2406"]
[TimeControl "180+1"]
[EndTime "14:06:39 PDT"]
[Termination "Alex_Terzi won by resignation"]

1. e4 c5 2. Nf3 Nc6 3. d4 cxd4 4. Nxd4 g6 5. Nc3 Bg7 6. Be3 Nf6 7. Nxc6 bxc6 8. e5 Ng8 9. Bd4 Nh6 10. e6 O-O 11. Bxg7 Kxg7 12. Qd4+ f6 13. exd7 Qxd7 14. Qxd7 Bxd7 15.
O-O-O Be6 16. Be2 Rfd8 17. Bf3 Rac8 18. Rxd8 Rxd8 19. Bxc6 Ng4 20. Nd1 Bxa2 21. b3 Bxb3 22. cxb3 Rc8 23. h3 Rxc6+ 24. Kb2 Ne5 25. f3 Nd3+ 26.
Ka2 Rc2+ 27. Kb1 Rxg2 28. Ne3 Rb2+ 29. Ka1 Rxb3 30. Rd1 Ne5 31. Nd5 Rxf3 32. Nxe7 Rxh3 33. Nc8 a5 34. Nd6 a4 35. Rd4 a3 36. Ka2 h5 37. Rf4 Rf3 38. Rh4 Kh6 39. Nb5 g5 40. Rh1 Nc4 41. Rc1 Rf4 0-1

[Event "*** Titled Tuesday Blitz"]
[Site "Chess.com"]
[Date "2020.04.07"]
[Round "6"]
[White "ehrenfeld"]
[Black "PawnEatingZombie"]
[Result "1-0"]
[WhiteElo "2413"]
[BlackElo "2127"]
[TimeControl "180+1"]
[EndTime "14:06:40 PDT"]
[Termination "ehrenfeld won on time"]

1. e4 c6 2. d4 d5 3. exd5 cxd5 4. Bd3 Nc6 5. c3 Qc7 6. Ne2 Bg4 7. O-O e6 8. Qe1 Nf6 9. Bf4 Bd6 10. Bxd6 Qxd6 11. Nd2 O-O 12. f4 Bh5 13. Ng3 Bg6 14. f5 exf5 15.
Nxf5 Bxf5 16. Rxf5 Rae8 17. Qh4 h6 18. Raf1 Nh7 19.
Qf2 Re7 20. Qf3 Rd7 21. Nb3 Ng5 22. Qh5 Ne4 23. Qf3 Re7 24. Rf4 Ng5 25. Qf2 Ne4 26.
Qc2 Rfe8 27. Nd2 Nxd2 28. Qxd2 Nd8 29. Qf2 Qb6 30. Rf5 1-0

[Event "*** Titled Tuesday Blitz"]
[Site "Chess.com"]
[Date "2020.04.07"]
[Round "6"]
[White "BogdanDeac"]
[Black "boasovietica"]
[Result "1-0"]
[WhiteElo "2618"]
[BlackElo "2436"]
[TimeControl "180+1"]
[EndTime "14:06:41 PDT"]
[Termination "BogdanDeac won on time"]

1. Nf3 c5 2. e4 g6 3. d4 cxd4 4. Nxd4 Bg7 5. c4 Nc6 6. Be3 Nf6 7. Nc3 Nxd4 8. Bxd4 d6 9. Be2 O-O 10. O-O Bd7 11. b4 a6 12. f3 Rc8 13. Rc1 Be6 14. Na4 Nd7 15. Bxg7 Kxg7 16. Qd4+ Kg8 17. f4 b5 18. cxb5 axb5 19. Bxb5 Rb8 20. Nc3 f5 21. exf5 Rxf5 22. Rfe1 Nf8 23. Bd3 Rf7 24. a4 Bd7 25. Bc4 e6 26. Qxd6 Rb6 27. Qc5 Rxf4 28. b5 Rb8 29. Ne4 Rc8 30. Qe3 Rf5 31. Nd6 1-0

[Event "*** Titled Tuesday Blitz"]
[Site "Chess.com"]
[Date "2020.04.07"]
[Round "6"]
[White "ChadBiryani"]
[Black "1f3_2g41-0"]
[Result "0-1"]
[WhiteElo "2379"]
[BlackElo "2172"]
[TimeControl "180+1"]
[EndTime "14:06:41 PDT"]
[Termination "1f3_2g41-0 won on time"]

1. b3 d5 2. Bb2 Nf6 3. e3 g6 4.
Be2 Bg7 5. h4 c5 6. h5 Nxh5 7.
Bxg7 Nxg7 8. Nf3 Nc6 9. d4 cxd4 10. exd4 Bf5 11. c4 Nb4 12. O-O Nc2 13. Nc3 Nxa1 14. Qxa1 dxc4 15. Bxc4 O-O 16. Re1 Ne6 17. Nd5 b5 18.
Ne3 bxc4 19. Nxf5 gxf5 20. Re5 Ng7 21. bxc4 e6 22. Qc1 Qf6 23. c5 Rfd8 24. Qc4 Rac8 25. Nd2 Rd5 26. f4 Qd8 27. Nf3 Ne8 28. a4 Nf6 29. Qe2 Ne4 30. Qe1 Rxe5 31. fxe5 Qf8 32. Qa5 Rb8 33. Kf1 Rb1+ 34. Ke2 Rb2+ 35. Kd3 Qb8 36. Ke3 Rxg2 37. Kf4 Rg4+ 38. Ke3 Qb3+ 0-1

[Event "*** Titled Tuesday Blitz"]
[Site "Chess.com"]
[Date "2020.04.07"]
[Round "6"]
[White "ckgchess"]
[Black "Tjktiger"]
[Result "0-1"]
[WhiteElo "2629"]
[BlackElo "2855"]
[TimeControl "180+1"]
[EndTime "14:06:42 PDT"]
[Termination "Tjktiger won on time"]

1. e4 c5 2. c3 d5 3. exd5 Qxd5 4. d4 g6 5. Nf3 Bg7 6. Na3 cxd4 7. Nb5 Na6 8.
Nbxd4 Nf6 9. Bb5+ Bd7 10. Bxd7+ Nxd7 11. O-O O-O 12. Qe2 e5 13. Nb3 e4 14. Ng5 Rfe8 15.
Rd1 Qc6 16. Bf4 h6 17. Rd6 Qa4 18. Rad1 hxg5 19. Bxg5 Ndc5 20. Nd4 Nd3 21. Bf6 Nxb2 22. Rb1 Nc4 23. Bxg7 Kxg7 24. Rxg6+ fxg6 25. Rxb7+ Kg8 26. Qg4 Ne5 0-1